 Dungeon Crawl Stone Soup version 0.29.1 (webtiles) character file.

Game seed: 1070306053784459915

11 qw the Chopper (level 2, 0/26 HPs)
             Began as a Minotaur Berserker on Sept 13, 2022.
             Was a Follower of Trog.
             Succumbed to their own poison gas
             ... on level 1 of the Dungeon.
             The game lasted 00:00:12 (800 turns).

qw the Chopper (Minotaur Berserker)                  Turns: 800, Time: 00:00:13

Health: 0/26       AC:  5    Str: 21    XL:     2   Next: 13%
Magic:  1/1        EV: 26    Int:  4    God:    Trog [*.....]
Gold:   37         SH:  0    Dex:  9    Spells: 1/1 levels left

rFire   . . .      SeeInvis .   Y - +0 hand axe
rCold   . . .      Faith    .   (no shield)
rNeg    . . .      Spirit   .   j - +0 ring mail
rPois   .          Reflect  .   (helmet restricted)
rElec   .          Harm     .   (no cloak)
rCorr   +          Rampage  .   (no gloves)
Will    .....                   (no boots)
Stlth   ..........              h - amulet of the acrobat
HPRegen 0.08/turn               k - ring of resist corrosion
MPRegen 0.07/turn               (no ring)

@: lethally poisoned (0 -> -1), acrobatic
A: horns 2, retaliatory headbutt
a: Renounce Religion, Berserk


You were on level 1 of the Dungeon.
You worshipped Trog.
Trog was aware of your devotion.
You visited 1 branch of the dungeon, and saw 1 of its levels.

You collected 37 gold pieces.


Innate Abilities, Weirdness & Mutations

You have a pair of horns on your head.
You reflexively headbutt those who attack you in melee.


   Skills:
 - Level 3.6 Fighting
 + Level 4.4 Axes
 - Level 2.4 Armour
 - Level 2.1 Dodging


You had one spell level left.
You didn't know any spells.
Your spell library was empty.

Inventory:

Hand Weapons
 Y - a +0 hand axe (weapon)
Armour
 j - a +0 ring mail (worn)
Jewellery
 h - an amulet of the acrobat (around neck)
 k - a ring of resist corrosion (left hand)
Scrolls
 a - a scroll of identify
Potions
 c - a potion of mutation
 d - a potion of haste {unknown}
 g - a potion of magic {unknown}
 l - a potion of curing {unknown}

Dungeon Overview and Level Annotations

Branches:
Dungeon (1/15)

Altars:


Message History

The air fills with toxic fumes!
As you read the scroll labelled CEL ROTRUA, it crumbles to dust.
It was a scroll of poison.
Done exploring.
788 ||| READING 2 scrolls of identify.
As you read the scroll of identify, it crumbles to dust.
c - a potion of mutation;
788 ||| IDENTIFYING lumpy blue potion Done exploring.
(D) Dungeon
Where to? (* - list waypoints, ? - help)
What level of the Dungeon? (default 1, ? - help) Sorry, I don't know how to get there.
Done exploring.
789 ||| Stepping randomly (stuck).
Really walk into that cloud of poison gas?
You are engulfed in poison gas.
You are poisoned.
You feel very sick.
790 ||| Stepping ~*~*~tactically~*~*~ (cloud).
You feel very sick.
You see here a +0 animal skin.
There is a lethal amount of poison in your body!
You feel very sick.
There is a lethal amount of poison in your body!
You feel very sick.
There is a lethal amount of poison in your body!
You feel sick.
There is a lethal amount of poison in your body!
You feel sick.
There is a lethal amount of poison in your body!
You feel sick.
There is a lethal amount of poison in your body!
You feel sick.
There is a lethal amount of poison in your body!
You feel sick.
There is a lethal amount of poison in your body!
You feel sick.
There is a lethal amount of poison in your body!
You feel sick.
There is a lethal amount of poison in your body!
You die...

### #.. #.# #.# #.#
########### #.#
#.0..0¤0¤¤# #.#
#000.0@¤.¤# #.#
#¤0###0..0# #.# #..#
#¤#.###### #.# #..#
#.#..0...#######.# #..#
#....###.........#
###########..# ###..#
#..........
.............#
##.###.####.####
###########.#######.....#
#.# # ##.......##.#
#.......### #.# #


There were no monsters in sight!

Vanquished Creatures
  A hobgoblin (D:1)
  3 jackals (D:1)
  A ball python (D:1)
  3 bats (D:1)
  2 frilled lizards (D:1)
  A rat (D:1)
11 creatures vanquished.

Notes
Turn   | Place    | Note
-------+----------+-------------------------------------------
     0 | D:1      | qw the Minotaur Berserker began the quest for the Orb.
     0 | D:1      | Reached XP level 1. HP: 19/19 MP: 0/0
     0 | D:1      | 0 ||| qw: Version: 0.1-a-119-g272c26d
     0 | D:1      | 0 ||| qw: Game counter: 11131
     0 | D:1      | 0 ||| qw: Always use a shield: true
     0 | D:1      | 0 ||| qw: Do Orc after D:15 true
     0 | D:1      | 0 ||| qw: Do second Lair branch before Depths: true
     0 | D:1      | 0 ||| qw: Lair rune preference: random
     0 | D:1      | 0 ||| qw: Plans: Normal
     0 | D:1      | 0 ||| PLANNING D:1-11
   156 | D:1      | Reached skill level 4 in Axes
   259 | D:1      | Reached XP level 2. HP: 26/26 MP: 1/1
   768 | D:1      | 768 ||| UPGRADING to +0 ring mail.
   778 | D:1      | 778 ||| DROPPING +0 animal skin.
   779 | D:1      | 779 ||| UPGRADING to amulet of the acrobat.
   784 | D:1      | 784 ||| UPGRADING to ring of resist corrosion.
   785 | D:1      | 785 ||| READING 3 scrolls labelled WINGUB TAUMYWK.
   786 | D:1      | 786 ||| READING scroll labelled JYOJIZXEIS.
   787 | D:1      | 787 ||| READING scroll labelled CEL ROTRUA.
   788 | D:1      | 788 ||| READING 2 scrolls of identify.
   788 | D:1      | 788 ||| IDENTIFYING lumpy blue potion
   789 | D:1      | 789 ||| Stepping randomly (stuck).
   790 | D:1      | 790 ||| Stepping ~*~*~tactically~*~*~ (cloud).
   794 | D:1      | HP: 5/26 [poisoned by you (poison gas)]
   797 | D:1      | HP: 2/26 [poisoned by you (poison gas)]
   800 | D:1      | Succumbed to their own poison gas

Levels and vault maps discovered:
D:1:      minmay_arrival_semitransparent, layout_loops_ring

Skill      XL: |  1 |
---------------+----+-----
Axes           | 4 |  4.4
Fighting       | |  3.6
Armour         | |  2.4
Dodging        | |  2.1

Action                   || total
-------------------------++-------
Melee: Hand axe          ||    18
       Headbutt          ||     1
  Use: Scroll            ||     4
Armor: Animal skin       ||     2
Dodge: Dodged            ||    17

Table legend:
 A = Non-vault XP
 B = Vault XP
 C = Vault XP percentage of total XP
 D = Non-vault monster count
 E = Vault monster count
 F = Vault count percentage of total count
                 A         B        C        D         E       F
            +---------+---------+-------+---------+---------+-------
      Total |      16 |       0 |   0.0 |      11 |       0 |   0.0
            +---------+---------+-------+---------+---------+-------
        D:1 |      16 |       0 |   0.0 |      11 |       0 |   0.0
            +---------+---------+-------+---------+---------+-------
